 Dungeon Crawl Stone Soup version 0.28-a0-8-g6e044cfa68 (webtiles) character file.

Game seed: 16515482100224659666

121959 Sobieck the Severer (level 16, -1/142 HPs)
             Began as a Palentonga Berserker on July 24, 2021.
             Was the Champion of Trog.
             Slain by a naga (16 damage)
             ... on level 2 of the Snake Pit.
             The game lasted 01:04:05 (31589 turns).

Sobieck the Severer (Palentonga Berserker)         Turns: 31589, Time: 01:04:05

Health: -1/142     AC: 36    Str: 25    XL:     16   Next: 33%
Magic:  16/16      EV:  8    Int:  8    God:    Trog [******]
Gold:   890        SH: 10    Dex: 18    Spells: 15/15 levels left

rFire   . . .      SeeInvis +   a - +9 broad axe (flame) {axe}
rCold   + + .      Faith    .   g - +0 buckler of Wonderful Miracles {Fly rPois rC+ Regen+}
rNeg    . . .      Spirit   .   I - +4 plate armour {rC+}
rPois   +          Reflect  +   N - +0 mask of the Dragon {Will+ Slay+3 SInv}
rElec   .          Harm     .   b - scarf {repulsion}
rCorr   .          Rampage  .   A - +2 pair of gloves
Will    ++...                   q - +3 barding {Stlth+}
Stlth   ..........              R - amulet of reflection
HPRegen 1.33/turn               o - ring of poison resistance
MPRegen 0.15/turn               E - +6 ring of dexterity

@: lethally poisoned (-1 -> -17), on berserk cooldown, flying, slowed, studying
Necromancy, repel missiles, curled up, very slow
A: large, rugged brown scales 3, see invisible, deformed body, roll 1, armoured
tail, reflexive curl
a: Rolling Charge, Renounce Religion, Berserk, Trog's Hand, Brothers in Arms


You were on level 2 of the Snake Pit.
You worshipped Trog.
Trog was exalted by your worship.
You visited 4 branches of the dungeon, and saw 25 of its levels.

You collected 2556 gold pieces.
You spent 1666 gold pieces at shops.


Innate Abilities, Weirdness & Mutations

You are completely covered in rugged brown scales. (AC +3, +7% HP)
You have supernaturally acute eyesight. (SInv)
Armour fits poorly on your strangely shaped body.
You can roll at nearby foes to attack.
You have a long armoured tail.
You curl defensively after being hit.


   Skills:
 + Level 14.2 Fighting
 - Level 18.0 Axes
 - Level 11.0 Armour
 - Level 10.0 Dodging
 - Level 2.4 Shields
 - Level 6.0 Evocations


You had 15 spell levels left.
You didn't know any spells.
Your spell library contained the following spells:

 Spells                   Type           Power      Damage    Failure   Level
 Animate Skeleton         Necr           0%         N/A       99%         1
 Apportation              Tloc           0%         N/A       99%         1
 Corona                   Hex            0%         N/A       99%         1
 Magic Dart               Conj           0%         1d3       99%         1
 Pain                     Necr           0%         1d4       99%         1
 Blink                    Tloc           N/A        N/A       99%         2
 Call Imp                 Summ           0%         N/A       99%         2
 Corpse Rot               Necr/Air       N/A        N/A       99%         2
 Ensorcelled Hibernation  Hex/Ice        0%         N/A       99%         2
 Slow                     Hex            0%         N/A       99%         2
 Sublimation of Blood     Necr           0%         N/A       99%         2
 Wereblood                Tmut           0%         N/A       99%         2
 Call Canine Familiar     Summ           0%         N/A       100%        3
 Confusing Touch          Hex            0%         N/A       100%        3
 Ignite Poison            Fire/Tmut/Pois 0%         N/A       100%        3
 Mephitic Cloud           Conj/Pois/Air  0%         N/A       100%        3
 Ozocubu's Armour         Ice            0%         N/A       100%        3
 Portal Projectile        Hex/Tloc       0%         N/A       100%        3
 Stone Arrow              Conj/Erth      0%         3d7       100%        3
 Tukima's Dance           Hex            0%         N/A       100%        3
 Vampiric Draining        Necr           0%         2d6       100%        3
 Cause Fear               Hex            0%         N/A       100%        4
 Dispel Undead            Necr           0%         3d6       100%        4
 Ice Form                 Ice/Tmut       0%         N/A       100%        4
 Leda's Liquefaction      Hex/Erth       0%         N/A       100%        4
 Passage of Golubria      Tloc           N/A        N/A       100%        4
 Petrify                  Tmut/Erth      0%         N/A       100%        4
 Alistair's Intoxication  Tmut/Pois      0%         N/A       100%        5
 Bolt of Magma            Conj/Fire/Erth 0%         4d4       100%        5
 Fireball                 Conj/Fire      0%         3d3       100%        5
 Freezing Cloud           Conj/Ice/Air   0%         6-21      100%        5
 Irradiate                Conj/Tmut      0%         3d13      100%        5
 Manifold Assault         Tloc           0%         N/A       100%        5
 Metabolic Englaciation   Hex/Ice        0%         N/A       100%        5
 Silence                  Hex/Air        0%         N/A       100%        5
 Death Channel            Necr           0%         N/A       100%        6
 Invisibility             Hex            0%         N/A       100%        6
 Simulacrum               Ice/Necr       0%         N/A       100%        6
 Dragon Form              Tmut           0%         N/A       100%        7
 Storm Form               Tmut/Air       0%         N/A       100%        7
 Summon Hydra             Summ           0%         N/A       100%        7
 Lehudib's Crystal Spear  Conj/Erth      0%         10d2      100%        8
 Dragon's Call            Summ           0%         N/A       100%        9
 Polar Vortex             Ice            0%         N/A       100%        9
 Shatter                  Erth           0%         3d5*      100%        9

Inventory:

Hand Weapons
 a - a +9 broad axe of flaming (weapon) {axe}
   (You acquired it on level 2 of the Dungeon)
Missiles
 e - 8 javelins {throwing}
 r - 4 boomerangs of dispersal {=f!fthrowing}
 x - 48 boomerangs {throwing}
 y - 2 throwing nets {=f!fthrowing}
Armour
 b - a scarf of repulsion (worn)
   (You found it on level 14 of the Dungeon)
 g - the +0 buckler of Wonderful Miracles (worn) {Fly rPois rC+ Regen+}
   (You bought it in a shop on level 2 of the Orcish Mines)

   rC:        It protects you from cold.
   rPois:     It protects you from poison.
   Fly:       It grants you flight.
   Regen:     It increases your rate of health regeneration.
 q - a +3 barding of stealth (worn)
   (You acquired it on level 5 of the Dungeon)
 A - a +2 pair of gloves (worn)
   (You found it on level 4 of the Dungeon)
 I - a +4 plate armour of cold resistance (worn)
   (You bought it in a shop on level 2 of the Orcish Mines)
 N - the +0 mask of the Dragon (worn) {Will+ Slay+3 SInv}
   (You found it on level 10 of the Dungeon)

   Slay:      It affects your accuracy & damage with ranged weapons and melee
   (+3).
   SInv:      It lets you see invisible.
   Will:      It increases your willpower.
Jewellery
 n - a ring of positive energy
   (You found it on level 5 of the Lair of Beasts)
 o - a ring of poison resistance (left hand)
   (You found it on level 2 of the Dungeon)
 B - a +4 ring of protection
   (You found it on level 11 of the Dungeon)
 E - a +6 ring of dexterity (right hand)
   (You took it off a centaur on level 6 of the Dungeon)
 P - a ring of magical power
   (You found it on level 13 of the Dungeon)
 R - an amulet of reflection (around neck)
   (You acquired it on level 1 of the Dungeon)
Wands
 f - a wand of mindburst (17)
   (You found it on level 15 of the Dungeon)
 l - a wand of iceblast (21)
   (You took it off Maurice on level 8 of the Dungeon)
 p - a wand of flame (32)
   (You found it on level 2 of the Dungeon)
 w - a wand of acid (16)
   (You found it on level 8 of the Dungeon)
 F - a wand of polymorph (23)
   (You took it off Blork the orc on level 6 of the Dungeon)
 H - a wand of charming (9)
   (You found it on level 2 of the Lair of Beasts)
Scrolls
 s - 2 scrolls of fog
 v - 11 scrolls of teleportation {@r4}
 D - 3 scrolls of fear
 J - 2 scrolls of enchant weapon
 L - 2 scrolls of immolation {!r!r}
 Q - 5 scrolls of magic mapping {!r}
 S - 11 scrolls of identify {@r1}
 V - 4 scrolls of noise {!r}
Potions
 c - a potion of invisibility
 h - 5 potions of might
 i - 4 potions of haste {@q3}
 m - 4 potions of heal wounds {@q2}
 t - 3 potions of attraction {!q}
 u - 5 potions of curing {@q1}
 C - 2 potions of flight
 M - a potion of cancellation
 O - 2 potions of resistance
 T - a potion of mutation {!q}
 U - 2 potions of ambrosia
 X - a potion of lignification {!q}
 Z - a potion of magic
Miscellaneous
 K - a phantom mirror
   (You found it on level 9 of the Dungeon)
 Y - a tin of tremorstones (2/2) {throwing}
   (You found it on level 3 of the Lair of Beasts)

Dungeon Overview and Level Annotations

Branches:
Dungeon (15/15)            Temple (0/1) D:7            Lair (6/6) D:10
 Shoals (0/4) Lair:4        Snake (2/4) Lair:3        Slime (0/5) Lair:5
    Orc (2/2) D:9             Elf (0/3) Orc:2        Vaults (0/5) D:14
 Depths (0/5) D:15

Altars:
Ashenzari
Dithmenos
Makhleb
Ru
Trog
Uskayaw
Yredelemnul
Beogh
Jiyva

Shops:
D:1 =(?!   D:2 (   D:13 *   D:14 (   Orc:2 :*[(

Annotations:
Lair:3 2 transporters, Giomnon's ghost, journeyman DEFE
Lair:5 1 runed translucent door
Lair:6 exclusion: oklob plant

###†.............#
##.N............
.##.N.....N....NN.
...................
.......NN†..†.......
........#)........#
...##..##CNN.N....#
..# #..###.NS.##...
.. ##. #.@S## .. ...
#. ##..## . ....
#...## #... ##...##
#.. .# #....### #..
..###.....### ##..
...##.......#####...
#.............##....
....................


You could see a naga warrior, a naga sharpshooter (strong, curare), a salamander
(strong), 2 black mambas, 3 naga magi, 4 nagas and a friendly cyclops (summoned,
berserk, poisoned).


Message History

Blink to where?
Press: ? - help, Dir - move target You escape the naga mage's grasp.
As you read the scroll of blinking {!r}, it crumbles to dust.
A naga and a naga warrior come into view.
You feel extremely sick.
The naga warrior shouts!
The naga shouts!
You hear a shout!
A black mamba comes into view.
The naga warrior roars a battlecry!
The nagas go into a battle-frenzy!
The naga spits poison at you.
The splash of poison hits you but does no damage.
You resist.
The naga sharpshooter spits poison at you.
The splash of poison hits you but does no damage.
You resist. 😱 HP[-6]
You take 6 damage, and now have 18/142 hp.
Unknown command.
You feel very sick.
The black mamba hisses angrily.
The naga sharpshooter shoots a bolt.
The bolt hits you but does no damage.
The naga sharpshooter gestures wildly while chanting.
The naga sharpshooter magically shoots a bolt.
You reflect the bolt off an invisible shield around you!
You hear a shout! 😱 HP[-3]
You take 3 damage, and now have 15/142 hp.
You feel very sick.
The naga sharpshooter gestures wildly while chanting.
The naga sharpshooter magically shoots a bolt.
The bolt hits you.
* * * LOW HITPOINT WARNING * * *
The black mamba bites you but does no damage.
A black mamba comes into view.
The black mamba hisses angrily. 😱 HP[-7]
You take 7 damage, and now have 8/142 hp.
Unknown command.
You feel much better.
You feel very sick.
The black mamba bites you but does no damage.
The naga sharpshooter spits poison at you.
The splash of poison reflects off an invisible shield around you!
The splash of poison hits the naga sharpshooter.
You block the black mamba's attack.
The naga warrior roars a battlecry!
The naga mage goes into a battle-frenzy!
The naga sharpshooter shoots a bolt.
The bolt barely misses you. 😱 HP[+26]
You regained 26 hp, and now have 34/142 hp.
You feel much better.
You feel sick. The black mamba bites you.
* * * LOW HITPOINT WARNING * * *
You are more poisoned.
The black mamba poisons you!
The black mamba bites you but does no damage.
The naga mage casts a spell at the naga sharpshooter.
The naga sharpshooter seems to grow toxic.
The black mamba bites you but does no damage.
The naga sharpshooter shoots a bolt.
The bolt hits you but does no damage.
The naga hits you but does no damage. 😨 HP[+12]
You regained 12 hp, and now have 46/142 hp.
You feel much better.
You feel extremely sick.
The black mamba bites you but does no damage.
You block the black mamba's attack.
The naga sharpshooter gestures wildly while chanting.
The naga sharpshooter magically shoots a bolt.
The bolt hits you.
* * * LOW HITPOINT WARNING * * *
A naga comes into view. It is wielding a +0 flail.
A naga comes into view. It is wielding a +0 glaive.
The naga hits you but does no damage.
The black mamba bites you but does no damage.
The naga sharpshooter spits poison at you.
The splash of poison hits you but does no damage.
You are more poisoned.
You have difficulty breathing.
* * * LOW HITPOINT WARNING * * *
You feel as though you will be slow longer. 😨 HP[+5]
You regained 5 hp, and now have 51/142 hp.
Your cyclops goes berserk!
You feel extremely sick. You block the black mamba's attack.
The black mamba bites you.
* * * LOW HITPOINT WARNING * * *
The black mamba bites you but does no damage.
The naga barely misses you. You block the black mamba's attack.
The naga mage spits poison at you. The splash of poison hits your cyclops!
Your cyclops is poisoned.
The salamander hits you from afar with a +0 halberd!
* * * LOW HITPOINT WARNING * * *
You are engulfed in flames!
* * * LOW HITPOINT WARNING * * *
You block the black mamba's attack.
A naga mage comes into view. It is wielding a +0 flail.
The naga hits you from afar with a +0 trident!
You die...

Skill      XL: |  1  2  3  4  5  6  7  8  9 10 11 12 13 14 15 16 |
---------------+-------------------------------------------------+-----
Armour         | 2 3 4 6 7 9 10 11 | 11.0
Shields        | 1 2 |  2.4
Axes           | 4 5 7 8 10 11 12 13 14 15 16 18 | 18.0
Fighting       | 4 5 6 8 10 12 13 14 | 14.2
Dodging        | 2 3 4 5 8 10 | 10.0
Evocations     | 1 3 4 6 |  6.0

Action                   |  1- 3 |  4- 6 |  7- 9 | 10-12 | 13-15 | 16-18 || total
-------------------------+-------+-------+-------+-------+-------+-------++-------
Melee: Hand axe          |    86 |       |       |       |       |       ||    86
       Tailslap          |     5 |     6 |    31 |    72 |   174 |    16 ||   304
       Broad axe         |     6 |    79 |   215 |   461 |   928 |   123 ||  1812
       Unarmed           |       |       |     3 |       |       |       ||     3
Invok: Berserk           |     1 |     6 |     6 |    10 |    15 |     1 ||    39
       Trog's Hand       |       |     1 |     2 |     1 |     4 |       ||     8
       Brothers in Arms  |       |       |       |     1 |     4 |     1 ||     6
 Abil: Rolling Charge    |    21 |    12 |    41 |    47 |    91 |    11 ||   223
  Use: Scroll            |     5 |     3 |    12 |     6 |    10 |     2 ||    38
       Potion            |       |       |     2 |       |       |     3 ||     5
 Stab: Petrified         |       |       |       |       |     1 |       ||     1
Armor: Animal skin       |     6 |       |       |       |       |       ||     6
       Ring mail         |    24 |    31 |    65 |       |       |       ||   120
       Plate armour      |       |       |    37 |   316 |   368 |    57 ||   778
       Chain mail        |       |       |       |       |       |     6 ||     6
Dodge: Dodged            |    47 |    22 |    60 |   118 |   184 |    28 ||   459
       Repelled          |       |       |       |       |     2 |     2 ||     4
Block: Buckler           |     2 |     3 |    34 |    86 |   311 |    52 ||   488
       Reflection        |       |       |       |       |    16 |     8 ||    24

Levels and vault maps discovered:
D:1:      dpeg_arrival_ternary, layout_rooms, serial_shops, nicolae_shop_trees,
          shop, nicolae_shop_competitors_out_of_business, shop
D:2:      layout_basic, shapermc_ecumenical_altar_starsandcircs, serial_shops,
          shop, grunt_decor_fettered, grunt_ministairs_1, minmay_pentomino_v4
D:3:      layout_rooms
D:4:      layout_loops_ring, uniq_sigmund, uniq_eustachio
D:5:      layout_cave_pools, grunt_dithmenos_smoke, minmay_misc_feat_tiny,
          st_stairs_3
D:6:      layout_loops_corners, uniq_blork_the_orc, uniq_crazy_yiuf_cottage,
          uniq_maggie
D:7:      layout_basic, makhleb_altar_promises_db,
          minmay_temple_entry_sparse_star, nicolae_zen_rock_garden,
          uniq_prince_ribbit1, uniq_menkaure
D:8:      layout_basic, mainiacjoe_overflow_six_doors_small, lightli_minifort,
          uniq_maurice
D:9:      minmay_recursive_quarters, layout_basic, david_orc_5,
          minmay_statues_item, grunt_ministairs_15, minivault_1
D:10:     lemuel_reptile_caves, layout_basic, lemuel_tele_altar,
          grunt_lair_entry_orc_guard_hut, serial_rivers,
          chequers_serial_rivers_room_a, chequers_serial_rivers_micro_a,
          chequers_serial_rivers_room_b, chequers_serial_rivers_large_a,
          chequers_serial_rivers_micro_a
D:11:     layout_irregular_city, yredelemnul_forgotten_temple_becter
D:12:     layout_loops_cross, hangedman_decor_opposing,
          statue_in_the_mist_lemuel
D:13:     layout_long_grid, gauntlet_entry_generic, serial_shops, shop,
          hangedman_tell_no_tales, uniq_snorg
D:14:     layout_roguey, david_vaults_1, nicolae_uskayaw_en_pointe,
          serial_shops, shop
D:15:     gammafunk_enter_depths_forms, layout_irregular_city
Lair:1:   layout_gridlike
Lair:2:   layout_chaotic_city, beast_lair_carwin_8, grunt_megastairs_5
Lair:3:   layout_hall_layers, minmay_snake_entry_guardpost_small,
          gammafunk_ghost_wrathful_warriors, lemuel_fruit_fields,
          infiniplex_staircase_pool_2
Lair:4:   layout_hall_layers, elwin_shoals_entry_stream, serial_bayou_pond_b,
          chequers_serial_rivers_marsh, grunt_megastairs_1, lemuel_fruit_fields
Lair:5:   layout_gridlike, slime_altar_2
Lair:6:   minmay_lair_end_enchanted_forest, layout_gridlike
Snake:1:  layout_onion_interference
Snake:2:  layout_onion, drop_trap, minmay_shop_star, uniq_aizul, uniq_nikola
Orc:1:    nicolae_orc_accident_2, layout_caves, basic_altar,
          nicolae_orc_crystal_geode
Orc:2:    st_orc_congregation, layout_diamond_mine, uniq_josephine

Notes
Turn   | Place    | Note
-------+----------+-------------------------------------------
     0 | D:1      | Sobieck the Palentonga Berserker began the quest for the
                  | Orb.
     0 | D:1      | Reached XP level 1. HP: 19/19 MP: 1/1
     0 | D:1      | magus.rc [v1.9.6]
    24 | D:1      | Found Vuunlaq's Distillery.
    28 | D:1      | Found Utenuiw's Magic Scroll Shoppe.
    36 | D:1      | Reached XP level 2. HP: 24/25 MP: 2/2
   359 | D:1      | Found Nerph's Weapon Boutique.
   378 | D:1      | Found Syeck's Jewellery Boutique.
   551 | D:1      | Reached skill level 2 in Armour
   905 | D:2      | Reached XP level 3. HP: 30/31 MP: 3/3
  1015 | D:2      | You pick up a book of Debilitation {forbidden} and begin
                  | reading...
  1015 | D:2      | You add the spells Slow, Vampiric Draining and Confusing
                  | Touch to your library.
  1039 | D:2      | Found Kaemutz's Antique Weapon Boutique.
  1095 | D:2      | Found a faded altar of an unknown god.
  1471 | D:2      | You pick up a book of the Moon {forbidden} and begin
                  | reading...
  1471 | D:2      | You add the spells Passage of Golubria, Silence and
                  | Lehudib's Crystal Spear to your library.
  1587 | D:2      | You pick up a book of Winter {forbidden} and begin
                  | reading...
  1587 | D:2      | You add the spells Ozocubu's Armour, Metabolic Englaciation
                  | and Simulacrum to your library.
  1594 | D:2      | Reached ** piety under Trog
  1668 | D:2      | Identified a scroll of acquirement
  1668 | D:2      | Acquired a +3 broad axe of flaming
  1696 | D:3      | Reached skill level 1 in Shields
  1696 | D:3      | Reached XP level 4. HP: 27/39 MP: 4/4
  1980 | D:3      | Reached skill level 4 in Axes
  2188 | D:4      | Noticed Eustachio
  2219 | D:4      | Reached skill level 4 in Fighting
  2219 | D:4      | Reached XP level 5. HP: 41/44 MP: 5/5
  2398 | D:4      | Reached skill level 2 in Shields
  2555 | D:4      | Reached skill level 5 in Axes
  2646 | D:4      | Reached XP level 6. HP: 51/51 MP: 6/6
  2786 | D:4      | Killed Eustachio
  2787 | D:4      | Reached skill level 6 in Axes
  2790 | D:4      | Identified the +8 falchion of Distant Shores {freeze, rF-
                  | rC++ Will+}
  3296 | D:4      | Noticed Sigmund
  3309 | D:4      | Killed Sigmund
  3310 | D:4      | Reached skill level 7 in Axes
  3310 | D:4      | Gained mutation: You curl defensively after being hit.
                  | [Palentonga growth]
  3310 | D:4      | Reached XP level 7. HP: 57/57 MP: 7/7
  3778 | D:4      | Reached skill level 8 in Axes
  3780 | D:4      | Reached *** piety under Trog
  4152 | D:5      | Entered Level 5 of the Dungeon
  4312 | D:5      | Reached XP level 8. HP: 61/64 MP: 8/8
  4319 | D:5      | Reached skill level 9 in Axes
  4506 | D:5      | Found a shadowy altar of Dithmenos.
  4597 | D:5      | Acquired a +2 barding of stealth
  4663 | D:5      | You pick up a book of Ice {forbidden} and begin reading...
  4663 | D:5      | You add the spells Freezing Cloud and Polar Vortex to your
                  | library.
  4947 | D:6      | Reached skill level 10 in Axes
  5276 | D:6      | Reached skill level 2 in Dodging
  5276 | D:6      | Reached skill level 1 in Evocations
  5357 | D:6      | Noticed Blork the orc
  5360 | D:6      | Killed Blork the orc
  5381 | D:6      | Found a runed translucent door.
  5382 | D:6      | Noticed Crazy Yiuf
  5452 | D:6      | Killed Crazy Yiuf
  5515 | D:6      | Identified the +9 mace of Alivyts {antimagic, Will+ Str+2}
  5737 | D:6      | Reached XP level 9. HP: 70/70 MP: 9/9
  5905 | D:6      | Noticed Maggie
  5929 | D:6      | Killed Maggie
  5930 | D:6      | Reached skill level 5 in Fighting
  5930 | D:6      | Reached skill level 3 in Armour
  5930 | D:6      | Reached skill level 2 in Evocations
  6021 | D:6      | magus.rc [v1.9.6]
  6199 | D:6      | Reached **** piety under Trog
  6507 | D:1      | Bought 3 scrolls of enchant weapon for 247 gold pieces
  6641 | D:7      | Noticed Prince Ribbit
  6654 | D:7      | Reached skill level 3 in Dodging
  6663 | D:7      | Killed Prince Ribbit
  6664 | D:7      | Reached skill level 11 in Axes
  6748 | D:7      | Noticed Menkaure
  6769 | D:7      | Killed Menkaure
  6842 | D:7      | You pick up a book of Maledictions {forbidden} and begin
                  | reading...
  6842 | D:7      | You add the spells Corona, Ensorcelled Hibernation and
                  | Tukima's Dance to your library.
  6943 | D:7      | Reached skill level 3 in Evocations
  7039 | D:7      | Found a staircase to the Ecumenical Temple.
  7118 | D:7      | Found a burning altar of Makhleb.
  7118 | D:7      | Noticed a cacodemon
  7379 | D:8      | Noticed Maurice
  7383 | D:8      | Killed Maurice
  7384 | D:8      | Reached XP level 10. HP: 73/81 MP: 10/10
  7440 | D:8      | Found a broken altar of Ashenzari.
  7728 | D:8      | Reached skill level 4 in Armour
  7808 | D:8      | Noticed a six-headed hydra
  7811 | D:8      | Killed a three-headed hydra
  7812 | D:8      | Reached skill level 6 in Fighting
  7812 | D:8      | Reached skill level 4 in Dodging
  8057 | D:8      | You pick up a book of the Dragon {forbidden} and begin
                  | reading...
  8057 | D:8      | You add the spells Cause Fear, Dragon Form and Dragon's
                  | Call to your library.
  8118 | D:8      | Reached skill level 4 in Evocations
  8966 | D:9      | Reached skill level 12 in Axes
  9369 | D:9      | Reached ***** piety under Trog
  9621 | D:9      | Found a staircase to the Orcish Mines.
  9787 | D:9      | Identified the +1 robe of Vuggytol {Harm rN++ Int-5 Stlth+}
 10462 | D:10     | Entered Level 10 of the Dungeon
 10518 | D:10     | Reached XP level 11. HP: 88/88 MP: 11/11
 10526 | D:10     | Reached skill level 5 in Armour
 10583 | D:10     | Reached skill level 7 in Fighting
 10798 | D:10     | Reached skill level 5 in Dodging
 10915 | D:10     | You pick up a book of Minor Magic {forbidden} and begin
                  | reading...
 10915 | D:10     | You add the spells Magic Dart, Call Imp and Mephitic Cloud
                  | to your library.
 10982 | D:11     | Noticed a two-headed ogre
 10986 | D:11     | Killed a two-headed ogre
 10987 | D:11     | Reached skill level 5 in Evocations
 11204 | D:10     | Found a staircase to the Lair.
 11234 | D:10     | Found a sacrificial altar of Ru.
 11323 | D:10     | Noticed a two-headed ogre
 11329 | D:10     | Killed a two-headed ogre
 11570 | D:10     | Reached skill level 13 in Axes
 12072 | D:10     | Found the +0 mask of the Dragon {Will+ Slay+3 SInv}
 12272 | D:11     | Found a basalt altar of Yredelemnul.
 12345 | D:11     | You pick up a book of Blood {forbidden} and begin
                  | reading...
 12345 | D:11     | You add the spells Sublimation of Blood, Wereblood and
                  | Summon Hydra to your library.
 12391 | D:11     | Received a gift from Trog
 12813 | D:11     | Noticed a two-headed ogre
 12814 | D:11     | Reached skill level 6 in Armour
 12820 | D:11     | Killed a two-headed ogre
 12821 | D:11     | Reached skill level 8 in Fighting
 12821 | D:11     | Reached skill level 6 in Evocations
 12821 | D:11     | Reached XP level 12. HP: 81/98 MP: 12/12
 13162 | D:11     | Reached skill level 6 in Dodging
 13415 | D:12     | You fall into a shaft and drop 1 floor!
 13749 | D:12     | Noticed a boulder beetle
 13756 | D:12     | Killed a boulder beetle
 13795 | D:12     | Noticed a two-headed ogre
 13802 | D:12     | Killed a two-headed ogre
 14398 | D:14     | Noticed a boulder beetle
 14404 | D:14     | Killed a boulder beetle
 14405 | D:14     | Reached skill level 14 in Axes
 14939 | D:12     | Reached skill level 7 in Armour
 14975 | D:12     | Reached skill level 9 in Fighting
 14981 | D:12     | Reached skill level 7 in Dodging
 15164 | D:13     | Noticed Snorg
 15179 | D:13     | Killed Snorg
 15504 | D:13     | Noticed a centaur warrior
 15512 | D:13     | Killed a centaur warrior
 15616 | D:13     | Found Quhiul's Assorted Antiques.
 15750 | D:13     | You pick up a book of the Earth {forbidden} and begin
                  | reading...
 15750 | D:13     | You add the spells Stone Arrow, Bolt of Magma and Shatter
                  | to your library.
 15921 | D:13     | Noticed a tengu warrior
 15927 | D:13     | Reached skill level 10 in Fighting
 15931 | D:13     | Killed a tengu warrior
 15932 | D:13     | Reached skill level 8 in Dodging
 15985 | D:14     | Reached XP level 13. HP: 109/110 MP: 13/13
 16049 | D:15     | Entered Level 15 of the Dungeon
 16116 | D:14     | Received a gift from Trog
 16455 | Lair:1   | Entered Level 1 of the Lair of Beasts
 16650 | Lair:1   | Reached skill level 9 in Dodging
 17073 | D:1      | Bought a scroll of acquirement for 572 gold pieces
 17083 | D:1      | Acquired an amulet of reflection
 17418 | Lair:1   | You pick up a book of the Hunter {forbidden} and begin
                  | reading...
 17418 | Lair:1   | You add the spells Call Canine Familiar, Portal Projectile
                  | and Leda's Liquefaction to your library.
 17999 | Lair:2   | Reached skill level 10 in Dodging
 18008 | Lair:2   | Identified the +0 ring mail of Ennui {Will+}
 18603 | Lair:3   | Found a staircase to the Snake Pit.
 19298 | Lair:3   | Noticed Giomnon's ghost (journeyman DEFE)
 19303 | Lair:3   | You pick up a book of Alchemy {forbidden} and begin
                  | reading...
 19303 | Lair:3   | You add the spells Petrify and Irradiate to your library.
 19617 | Lair:3   | Found a transporter.
 19617 | Lair:3   | Found a transporter.
 19686 | Lair:3   | Identified the +0 robe of Cocytus {rElec rF+}
 19689 | Lair:3   | Found a bloodstained altar of Trog.
 20220 | D:1      | Bought a scroll of identify for 22 gold pieces
 20220 | D:1      | Bought a scroll of identify for 22 gold pieces
 20220 | D:1      | Bought a scroll of identify for 22 gold pieces
 20513 | Lair:4   | You pick up a book of Necromancy {forbidden} and begin
                  | reading...
 20513 | Lair:4   | You add the spells Pain and Animate Skeleton to your
                  | library.
 20604 | Lair:4   | Received a gift from Trog
 20605 | Lair:4   | Reached skill level 15 in Axes
 20609 | Lair:4   | Reached XP level 14. HP: 106/118 MP: 14/14
 20619 | Lair:4   | Reached skill level 8 in Armour
 20886 | Lair:4   | Found a staircase to the Shoals.
 21563 | Lair:5   | Reached skill level 11 in Fighting
 21841 | Lair:5   | Found a runed translucent door.
 21927 | Lair:5   | You pick up a book of Party Tricks {forbidden} and begin
                  | reading...
 21927 | Lair:5   | You add the spells Apportation, Alistair's Intoxication and
                  | Invisibility to your library.
 21987 | Lair:5   | You add the spells Blink, Manifold Assault and Storm Form
                  | to your library.
 22139 | Lair:5   | Found a viscous altar of Jiyva.
 22163 | Lair:6   | Entered Level 6 of the Lair of Beasts
 22339 | Lair:5   | Found a staircase to the Slime Pits.
 23100 | Lair:6   | Received a gift from Trog
 23345 | Lair:6   | Reached skill level 16 in Axes
 23473 | Lair:6   | Reached skill level 9 in Armour
 23755 | Lair:6   | Identified the +8 quarterstaff of the Lamprey {vorpal,
                  | *Corrode rC+ Will+}
 24150 | Lair:6   | Reached skill level 12 in Fighting
 24215 | Lair:6   | You add the spells Ignite Poison and Ice Form to your
                  | library.
 24215 | Lair:6   | Got the Compendium of Unstable Attacks {forbidden}
 24278 | Lair:6   | Received a gift from Trog
 24575 | Lair:6   | magus.rc [v1.9.6]
 24938 | D:14     | Reached XP level 15. HP: 128/128 MP: 15/15
 25320 | D:14     | Found Irhyepoe's Antique Weapon Emporium.
 25372 | D:14     | Reached ****** piety under Trog
 25551 | D:14     | Found a hide-covered altar of Uskayaw.
 25645 | D:14     | HP: 43/193 [fire dragon/blast of flame (53)]
 25960 | D:14     | Reached skill level 17 in Axes
 26134 | D:14     | Found a gate to the Vaults.
 26959 | D:15     | Reached skill level 10 in Armour
 26985 | D:15     | Received a gift from Trog
 27364 | D:15     | Found a staircase to the Depths.
 27796 | Orc:1    | Entered Level 1 of the Orcish Mines
 28568 | Orc:2    | Entered Level 2 of the Orcish Mines
 28723 | Orc:2    | Received a gift from Trog
 28728 | Orc:2    | Reached skill level 13 in Fighting
 28737 | Orc:2    | Noticed Josephine
 28747 | Orc:2    | Killed Josephine
 28853 | Orc:2    | Identified a +2 robe of the Archmagi
 29242 | Orc:2    | Reached skill level 18 in Axes
 29292 | Orc:2    | HP: 32/131 [orc warrior (28)]
 29346 | Orc:2    | Found a staircase to the Elven Halls.
 29687 | Orc:2    | Noticed an orc warlord
 29707 | Orc:2    | Killed an orc warlord
 29708 | Orc:2    | Reached XP level 16. HP: 140/140 MP: 16/16
 29995 | Orc:2    | Received a gift from Trog
 30119 | Orc:2    | Found Dunn's General Store.
 30120 | Orc:2    | Found Raiqut's Book Boutique.
 30122 | Orc:2    | Found Helyit's Antique Armour Shop.
 30122 | Orc:2    | Found Koamub's Antique Weapon Shop.
 30299 | Orc:2    | Bought a glowing plate armour for 572 gold pieces
 30299 | Orc:2    | Bought a spiked buckler for 209 gold pieces
 30299 | Orc:2    | Identified the +0 buckler of Wonderful Miracles {Fly rPois
                  | rC+ Regen+} (You bought it in a shop on level 2 of the
                  | Orcish Mines)
 30565 | Snake:1  | Entered Level 1 of the Snake Pit
 31036 | Snake:1  | Got the Catalogue of Hurtful Hexes {forbidden}
 31422 | Snake:2  | Reached skill level 11 in Armour
 31467 | Snake:2  | You pick up a book of Decay {forbidden} and begin
                  | reading...
 31467 | Snake:2  | You add the spells Corpse Rot, Dispel Undead and Death
                  | Channel to your library.
 31559 | Snake:2  | Reached skill level 14 in Fighting
 31562 | Snake:2  | Noticed Aizul
 31576 | Snake:2  | Killed Aizul
 31582 | Snake:2  | Received a gift from Trog
 31582 | Snake:2  | HP: 24/142 [salamander (14)]
 31585 | Snake:2  | HP: 8/142 [naga sharpshooter/bolt (5)]
 31589 | Snake:2  | Slain by a naga

Vanquished Creatures
  An orc warlord (Orc:2)
  Aizul (Snake:2)
  A very ugly thing (D:15)
  Josephine (Orc:2)
  An ogre mage (D:15)
  3 boulder beetles
  4 hydras
  A death knight (D:14)
  A naga warrior (Snake:2)
  2 anacondas
  5 centaur warriors
  A catoblepas (Lair:6)
  3 death yaks
  2 tengu warriors
  8 two-headed ogres
  A shock serpent (Snake:1)
  4 orc high priests (Orc:2)
  2 naga sharpshooters
  4 skeletal warriors (D:12)
  A fire crab (Lair:4)
  A sea snake (shapeshifter) (D:15)
  A glowing orange brain (D:15)
  A naga ritualist (Snake:2)
  2 wizards
  2 deep elf pyromancers
  4 orc knights
  A necromancer (D:14)
  5 orc sorcerers
  26 ugly things
  4 cyclopes
  A salamander (Snake:2)
  A manticore (D:11)
  A guardian serpent (Snake:2)
  14 black mambas
  12 elephants
  Maurice (D:8)
  2 merfolk sirens (Lair:4)
  5 naga magi
  A cane toad (shapeshifter) (D:14)
  A gargoyle (D:11)
  Maggie (D:6)
  19 cane toads
  4 rime drakes
  5 komodo dragons
  2 unseen horrors (D:12)
  2 freezing wraiths (D:14)
  A tengu conjurer (D:13)
  8 trolls
  2 merfolk (Lair:4)
  A wolf spider simulacrum (D:15)
  8 polar bears
  5 hornets (Lair:6)
  Prince Ribbit (D:7)
  19 slime creatures
  5 dream sheep (Lair:4)
  26 blink frogs
  3 shadows
  A vampire (D:12)
  Sigmund (D:4)
  11 spriggans (Lair:6)
  7 wraiths
  44 yaks
  7 wyverns
  6 basilisks
  Eustachio (D:4)
  8 vampire mosquitoes
  Menkaure (D:7)
  12 nagas
  33 water moccasins
  2 acid dragons
  33 orc warriors
  An ice beast (D:6)
  6 black bears
  A sky beast (D:5)
  3 necrophages
  A swamp drake (D:10)
  29 wolves
  4 boggarts (Lair:6)
  6 ogres
  A phantom (D:6)
  20 centaurs
  2 kobold brigands
  Blork the orc (D:6)
  16 bullfrogs
  3 gnoll sergeants
  4 scorpions
  3 killer bees (D:8)
  A troll skeleton (D:13)
  A howler monkey (D:9)
  5 spriggan skeletons (D:13)
  2 electric eels
  Crazy Yiuf (D:6)
  8 hounds
  2 bullfrog skeletons
  6 centaur zombies
  23 orc priests
  A centaur skeleton (D:6)
  6 iguanas
  32 orc wizards
  A killer bee zombie (D:7)
  A howler monkey zombie (D:10)
  23 adders
  17 gnolls
  A howler monkey skeleton (D:5)
  2 white imps
  An ufetubus (D:5)
  An adder skeleton (D:4)
  A worm (D:5)
  5 dart slugs
  115 orcs
  4 endoplasms
  2 giant cockroaches
  2 goblins
  4 hobgoblins
  6 jackals
  A quokka (D:5)
  6 ball pythons
  3 bats
  4 frilled lizards
  14 kobolds
  5 rats
  A spectral orc (D:11)
821 creatures vanquished.

Vanquished Creatures (collateral kills)
  Snorg (D:13)
  A fire dragon (D:14)
  A two-headed ogre (D:14)
  An orc knight (Orc:2)
  A cyclops (D:14)
  A cane toad (Lair:4)
  A hornet (Lair:4)
  2 dream sheep (Lair:4)
  A vampire (D:14)
  2 orc warriors (Orc:2)
  3 orcs (Orc:2)
15 creatures vanquished.

Vanquished Creatures (others)
  42 fungi
  51 plants
93 creatures vanquished.

Grand Total: 929 creatures vanquished

Table legend:
 A = Non-vault XP
 B = Vault XP
 C = Vault XP percentage of total XP
 D = Non-vault monster count
 E = Vault monster count
 F = Vault count percentage of total count
                 A         B        C        D         E       F
            +---------+---------+-------+---------+---------+-------
      Total |  128409 |   45819 |  26.3 |     577 |     259 |  31.0
            +---------+---------+-------+---------+---------+-------
        D:1 |      39 |       1 |   2.5 |      22 |       1 |   4.3
        D:2 |      29 |       7 |  19.4 |       3 |       4 |  57.1
        D:3 |      80 |       0 |   0.0 |      11 |       0 |   0.0
        D:4 |     796 |     411 |  34.1 |      36 |       2 |   5.3
        D:5 |     561 |      85 |  13.2 |      20 |       2 |   9.1
        D:6 |    1437 |     553 |  27.8 |      31 |       3 |   8.8
        D:7 |     908 |     446 |  32.9 |      17 |       2 |  10.5
        D:8 |    2595 |    1046 |  28.7 |      33 |       6 |  15.4
        D:9 |      87 |    1829 |  95.5 |       4 |      33 |  89.2
       D:10 |    3283 |    3750 |  53.3 |      25 |      37 |  59.7
       D:11 |    4738 |       1 |   0.0 |      19 |       1 |   5.0
       D:12 |    9983 |       0 |   0.0 |      32 |       0 |   0.0
       D:13 |    4020 |     894 |  18.2 |       6 |       7 |  53.8
       D:14 |   20039 |    2030 |   9.2 |      39 |       4 |   9.3
       D:15 |   11085 |    5089 |  31.5 |      21 |       7 |  25.0
     Lair:1 |    7168 |       0 |   0.0 |      34 |       0 |   0.0
     Lair:2 |    5084 |    1151 |  18.5 |      18 |       8 |  30.8
     Lair:3 |    4614 |     646 |  12.3 |      21 |       4 |  16.0
     Lair:4 |    5842 |    4094 |  41.2 |      16 |      15 |  48.4
     Lair:5 |    6400 |       0 |   0.0 |      19 |       0 |   0.0
     Lair:6 |   17734 |    8432 |  32.2 |      49 |      43 |  46.7
    Snake:1 |    6652 |       0 |   0.0 |      13 |       0 |   0.0
    Snake:2 |    8926 |    1654 |  15.6 |      20 |       1 |   4.8
      Orc:1 |    3065 |    1009 |  24.8 |      32 |       5 |  13.5
      Orc:2 |    3244 |   12691 |  79.6 |      36 |      74 |  67.3
            +---------+---------+-------+---------+---------+-------

Illustrated notes

Table legend:
 A = Kills in this place as a percentage of kills in entire the game.
 B = Kills by you in this place as a percentage of kills by you in the entire game.
 C = Kills by friends in this place as a percentage of kills by friends in the entire game.
 D = Other kills in this place as a percentage of other kills in the entire game.
 E = Experience gained in this place as a percentage of experience gained in the entire game.
 F = Experience gained in this place divided by the number of levels of this place that you have seen.
                   A       B       C       D       E      F
               +-------+-------+-------+-------+-------+----------------------
         Total | 100.0 | 100.0 | 100.0 |   N/A | 100.0 | 6969.1
       Dungeon |  51.2 |  51.5 |  33.3 |   N/A |  43.5 | 5054.8
          Lair |  27.2 |  27.2 |  26.7 |   N/A |  35.1 | 10194.2
     Snake Pit |   4.1 |   4.1 |   0.0 |   N/A |   9.9 | 8616.0
  Orcish Mines |  17.6 |  17.2 |  40.0 |   N/A |  11.5 | 10004.5
               +-------+-------+-------+-------+-------+----------------------

Table legend: (Time is in decaauts)
 A = Elapsed time spent in this place.
 B = Non-inter-level travel time spent in this place.
 C = Inter-level travel time spent in this place.
 D = Time resting spent in this place.
 E = Time spent auto-exploring this place.
 F = Levels seen in this place.
 G = Mean time per level.
                   A        B        C        D        E       F      G
               +--------+--------+--------+--------+--------+-----+--------+
         Total |  31866 |  28841 |   3025 |   7972 |  16429 |  25 | 1274.6 |
       Dungeon |  20415 |  18335 |   2080 |   5761 |   9886 |  15 | 1361.0 |
          Lair |   7830 |   7163 |    667 |   1662 |   4490 |   6 | 1305.0 |
     Snake Pit |   1001 |    916 |     85 |     46 |    698 |   2 |  500.5 |
  Orcish Mines |   2618 |   2427 |    191 |    502 |   1355 |   2 | 1309.0 |
               +--------+--------+--------+--------+--------+-----+--------+

Top non-repeatable levels by time:
  Lair:6: 1938 daAuts
     D:8: 1898 daAuts
     D:4: 1852 daAuts
   Orc:2: 1847 daAuts
    D:10: 1772 daAuts
    D:14: 1763 daAuts
     D:6: 1588 daAuts
     D:9: 1506 daAuts
    D:11: 1500 daAuts
    D:12: 1472 daAuts
    D:13: 1468 daAuts
  Lair:1: 1420 daAuts
  Lair:5: 1166 daAuts
    D:15: 1126 daAuts
  Lair:4: 1122 daAuts
